 Dungeon Crawl Stone Soup version 0.26-a0-682-g294304f6e8 (webtiles) character file.

Game seed: 16466700626336242150

18169 dickylongcocking the Summoner (level 12, 0/97 HPs)
             Began as a Barachi Summoner on Oct 21, 2020.
             Was an Elder of Ru.
             Shot with an arrow by a centaur warrior (30 damage)
             ... on level 13 of the Dungeon.
             The game lasted 00:25:06 (23322 turns).

dickylongcocking the Summoner (Barachi Summoner)   Turns: 23322, Time: 00:25:06

Health: 0/97       AC:  4    Str: 10    XL:     12   Next: 55%
Magic:  1/24       EV: 19    Int: 20    God:    Ru [****..]
Gold:   526        SH:  0    Dex: 11    Spells: 8/28 levels left

rFire    + . .     SeeInvis +   j - +6 eveningstar (drain)
rCold    + . .     Faith    .   (no shield)
rNeg     + . .     Spirit   .   L - +0 robe {Archmagi}
rPois    .         Reflect  .   (no helmet)
rElec    .         Harm     .   l - scarf {rC+ rF+}
rCorr    .         Rampage  .   f - +0 pair of gloves
MR       .....                  (no boots)
Stlth    ..........             (no amulet)
HPRegen  0.26/turn              z - ring "Yqivator" {rN+ Dex-2 Slay+4 SInv}
MPRegen  0.19/turn              x - +4 ring of evasion

@: mighty, slow
A: +LOS, swims, slowness 1, no stealth, inability to use devices, no
conjurations magic, no earth magic, no transmutations magic, strong legs 1
a: Hop, Draw Out Power, Power Leap, Renounce Religion


You were on level 13 of the Dungeon.
You worshipped Ru.
Ru was greatly pleased with you.
You visited 2 branches of the dungeon, and saw 14 of its levels.

You collected 718 gold pieces.
You spent 192 gold pieces at shops.

Inventory:

Hand Weapons
 d - a +0 club
 j - a +6 eveningstar of draining (weapon)
 k - a +0 trident
 m - a +0 morningstar
 s - a +1 vampiric short sword
 t - a +0 vorpal scythe
 F - the +6 hand axe of the Harvest {vorpal, Str+8}
   (You found it on level 7 of the Dungeon)

   It inflicts extra damage upon your enemies.
   It affects your strength (+8).
 J - the +7 mace of Variability {chain chaos}
   (You found it on level 10 of the Dungeon)

   Each time it hits an enemy it has a different, random effect.
Missiles
 b - 37 poisoned darts (quivered)
Armour
 a - a +0 robe
 f - a +0 pair of gloves (worn)
 g - a +0 helmet
 l - a scarf of resistance (worn)
 q - a +0 leather armour
 w - a +0 cloak
 A - +0 steam dragon scales
 K - a +2 leather armour of poison resistance
 L - a +0 robe of the Archmagi (worn)
Jewellery
 r - a +6 ring of dexterity
 x - a +4 ring of evasion (right hand)
 z - the ring "Yqivator" (left hand) {rN+ Dex-2 Slay+4 SInv}
   (You found it on level 6 of the Dungeon)

   [ring of slaying]

   It affects your dexterity (-2).
   It affects your accuracy and damage with ranged weapons and melee attacks
   (+4).
   It protects you from negative energy.
   It lets you see invisible.
 G - a cursed amulet of inaccuracy {unknown}
Scrolls
 c - 2 scrolls of magic mapping
 e - 7 scrolls of teleportation
 h - a scroll of fear
 i - 5 scrolls of remove curse
 n - a scroll of amnesia
 o - 8 scrolls of identify
 p - 2 scrolls of immolation
 u - 3 scrolls of blinking
 v - a scroll of fog
 y - 2 scrolls of enchant armour
 C - a scroll of random uselessness
 H - a scroll of silence
Potions
 B - a potion of flight
 D - 2 potions of brilliance
 E - 2 potions of stabbing
 I - a potion of haste


   Skills:
 * Level 9.9 Fighting
 * Level 4.2 Maces & Flails
 * Level 7.6 Armour
 * Level 7.3 Dodging
 * Level 8.7 Spellcasting
 * Level 13.1 Summonings
 * Level 9.8 Ice Magic


You had 8 spell levels left.
You knew the following spells:

 Your Spells              Type           Power        Failure   Level
a - Summon Guardian Gole  Hex/Summ       ######..     1%          3
b - Call Imp              Summ           #######.     1%          2
c - Call Canine Familiar  Summ           #######.     1%          3
d - Summon Ice Beast      Ice/Summ       ######..     1%          4
e - Blink                 Tloc           N/A          12%         2
f - Frozen Ramparts       Ice            ######       1%          3
g - Ozocubu's Armour      Ice            ######..     1%          3

Your spell library contained the following spells:

 Spells                   Type           Power        Failure   Level
 Freeze                   Ice            ####         1%          1
 Summon Small Mammal      Summ           ####         1%          1
 Ensorcelled Hibernation  Hex/Ice        #####.       1%          2
 Summon Lightning Spire   Summ/Air       ######..     5%          4
 Corona                   Hex            ##.....      8%          1
 Slow                     Hex            ##......     12%         2
 Confusing Touch          Hex            ##......     24%         3
 Tukima's Dance           Hex            ##......     24%         3
 Magic Dart               Conj           Unusable     N/A         1
 Hailstorm                Conj/Ice       Unusable     N/A         4
 Conjure Flame            Conj/Fire      Unusable     N/A         3
 Dazzling Flash           Conj/Hex       Unusable     N/A         3
 Mephitic Cloud           Conj/Pois/Air  Unusable     N/A         3

Dungeon Overview and Level Annotations

Branches:
Dungeon (13/15)            Temple (1/1) D:7            Lair (0/6) D:11
    Orc (0/2) D:9
 Vaults: D:13-14

Altars:
Ashenzari
Cheibriados
Dithmenos
Elyvilon
Fedhas
Gozag
Hepliaklqana
Kikubaaqudgha
Makhleb
Nemelex Xobeh
Okawaru
Qazlal
Ru
Sif Muna
Trog
Uskayaw
Vehumet
Wu Jian
Xom
Yredelemnul
Zin
The Shining One

Shops:
D:6 *

Annotations:
D:5 1 runed translucent door, Copingsaw's ghost, novice BaFi


Innate Abilities, Weirdness & Mutations

You can be seen from farther away. (+LOS)
You can swim through water.
You cover ground slowly.
You cannot be stealthy.
You cannot study or use magical devices.
You cannot study or cast Conjurations magic.
You cannot study or cast Earth magic.
You cannot study or cast Transmutations magic.
You can hop short distances.


Message History

a +1 scimitar of flaming; a yak corpse Unknown command.
A centaur warrior is nearby!
A centaur warrior is nearby!
A centaur warrior is nearby!
A centaur warrior is nearby!
A centaur warrior is nearby!
As you read the scroll of identify, it crumbles to dust.
H - a scroll of silence The centaur warrior wields a +0 longbow.
The centaur warrior shoots an arrow.
The arrow hits you!!
Okay, then.
The centaur warrior shoots an arrow.
The arrow hits you!
* * * LOW HITPOINT WARNING * * *
You see here an arrow.
Casting: Summon Ice Beast (mildly dangerous; 1% risk of failure)
Confirm with . or Enter, or press ? or * to list all spells.
You feel a surge of power! A chill wind blows around you.
The centaur warrior shoots an arrow.
The arrow hits you!!
You die...

#.........#.).# ..# ...
'.........#...###..###...
#...).....#...#..........Y
###########...#...........
#.......<....#..≈≈......#
#............#..........#
#...........(†..........#
#......≈≈...(Y(Y((.......
#......≈≈.....Y@.(((.....
.............#Y.>.(()...c
.....##.#....#.(((.)..).c
..... #.'....#.##.....#..
.... ###....#.# .....#
#....#.. .....# #######.
.c...# . .....# # .......


You could see a centaur warrior and 4 friendly ice beasts.

Vanquished Creatures
  Erolcha (D:12)
  A two-headed ogre (D:12)
  An unseen horror (D:13)
  An unseen horror (shapeshifter) (D:13)
  A cyclops (D:12)
  A deep elf mage (D:12)
  A centaur zombie (D:12)
  Maggie (D:7)
  A kobold demonologist (D:11)
  2 trolls
  A wolf spider simulacrum (D:13)
  A shadow (D:11)
  3 yaks
  3 wraiths (D:10)
  A wyvern (D:11)
  Menkaure (D:7)
  3 wargs (D:11)
  2 ice beasts
  2 phantoms
  4 orc warriors
  4 sky beasts
  An ogre (D:10)
  A centaur (D:12)
  An eye of draining (D:11)
  A wolf (D:8)
  A big kobold (D:13)
  2 bullfrogs
  A gnoll sergeant (D:9)
  A scorpion (D:12)
  4 killer bees
  10 wights
  5 hounds
  4 orc priests
  3 centaur skeletons
  4 jellies
  4 orc wizards
  4 bullfrog skeletons
  2 bullfrog zombies
  Crazy Yiuf (D:5)
  6 worker ants
  2 hound zombies (D:7)
  A hound skeleton (D:5)
  A howler monkey skeleton (D:6)
  4 gnolls (D:9)
  3 adders
  An ooze (D:1)
  An adder zombie (D:8)
  An adder skeleton (D:4)
  A worm (D:5)
  3 leopard geckos
  22 orcs
  2 giant cockroaches
  A hobgoblin (D:3)
  2 jackals (D:4)
  8 kobolds
  2 quokkas (D:4)
  6 bats
  A goblin (D:3)
154 creatures vanquished.

Vanquished Creatures (collateral kills)
  Nessos (D:12)
  Josephine (D:10)
  A boulder beetle (D:12)
  2 hydras (D:12)
  2 centaur warriors
  A two-headed ogre (D:11)
  Urug (D:10)
  An ugly thing (D:12)
  2 manticores
  A centaur skeleton (D:13)
  A kobold demonologist (D:8)
  An efreet (D:13)
  A troll (D:9)
  A hornet (D:12)
  Sigmund (D:5)
  A wyvern (D:9)
  7 yaks
  2 wraiths (D:10)
  A human (D:13)
  Grum (D:8)
  A chaos spawn (D:10)
  2 nameless horrors
  A soldier ant (D:13)
  A water moccasin (D:8)
  2 orc warriors
  2 ice beasts
  A sky beast (D:9)
  A hornet zombie (D:8)
  3 ogres
  A phantom (D:7)
  A wolf (D:8)
  9 centaurs
  2 bullfrogs
  2 scorpions
  5 wights
  5 killer bees
  3 howler monkeys
  A jelly (D:12)
  6 orc priests
  A bullfrog skeleton (D:11)
  A hound (D:4)
  4 orc wizards
  An iguana (D:8)
  2 worker ants
  A hound skeleton (D:9)
  3 gnolls (D:2)
  4 adders
  A shadow imp (D:10)
  A white imp (D:5)
  2 ufetubi
  13 orcs
  5 bats
  4 giant cockroaches
  A goblin (D:3)
  3 hobgoblins
  8 jackals
  2 quokkas
  2 ball pythons
  2 frilled lizards
  A kobold (D:2)
  7 rats
148 creatures vanquished.

Vanquished Creatures (others)
  Snorg (D:11)
  A yak (D:12)
  A chaos spawn (D:10)
  2 centaurs (D:13)
  An ufetubus (D:5)
  A kobold (D:13)
7 creatures vanquished.

Grand Total: 309 creatures vanquished

Notes
Turn   | Place    | Note
-------+----------+-------------------------------------------
     0 | D:1      | dickylongcocking the Barachi Summoner began the quest for
                  | the Orb.
     0 | D:1      | Reached XP level 1. HP: 13/13 MP: 3/3
   106 | D:1      | Reached skill level 5 in Summonings
   128 | D:1      | You fall into a shaft and drop 1 floor!
   725 | D:1      | Reached XP level 2. HP: 7/19 MP: 1/5
   742 | D:1      | Learned a level 2 spell: Call Imp
  1942 | D:2      | Reached XP level 3. HP: 8/24 MP: 0/6
  2139 | D:2      | Reached skill level 6 in Summonings
  2617 | D:2      | Found a sacrificial altar of Ru.
  2763 | D:2      | Became a worshipper of Ru the Awakened
  3290 | D:3      | Reached XP level 4. HP: 30/30 MP: 2/7
  3295 | D:3      | Learned a level 3 spell: Call Canine Familiar
  4206 | D:4      | Reached skill level 7 in Summonings
  4331 | D:4      | Noticed an ogre
  4343 | D:4      | Killed an ogre
  4343 | D:4      | Reached XP level 5. HP: 35/35 MP: 4/8
  4473 | D:4      | Reached skill level 8 in Summonings
  5186 | D:4      | Noticed an ice beast
  5187 | D:4      | Gained mutation: You cannot study or use magical devices.
                  | [Ru sacrifice]
  5187 | D:4      | Reached * piety under Ru
  5187 | D:4      | Reached ** piety under Ru
  5196 | D:4      | Killed an ice beast
  5196 | D:4      | Reached XP level 6. HP: 13/41 MP: 6/9
  5480 | D:4      | Found a burning altar of Makhleb.
  5867 | D:5      | Entered Level 5 of the Dungeon
  5919 | D:5      | Noticed Sigmund
  5930 | D:5      | Killed Sigmund
  5930 | D:5      | Reached skill level 9 in Summonings
  6148 | D:5      | HP: 2/41 [white imp/puff of frost (9)]
  6697 | D:5      | Reached skill level 1 in Fighting
  6772 | D:5      | Reached XP level 7. HP: 28/48 MP: 7/10
  7033 | D:5      | Found a runed translucent door.
  7034 | D:5      | Noticed Crazy Yiuf
  7082 | D:5      | Found a runed translucent door.
  7085 | D:5      | Noticed Copingsaw's ghost (novice BaFi)
  7101 | D:5      | Learned a level 4 spell: Summon Ice Beast
  7216 | D:5      | Killed Crazy Yiuf
  7352 | D:6      | Noticed a nameless horror
  7358 | D:6      | Killed a nameless horror
  7487 | D:6      | Reached skill level 1 in Ice Magic
  7885 | D:6      | Got a sparkling jade ring
  7887 | D:6      | Identified the ring "Yqivator" {rN+ Dex-2 Slay+4 SInv} (You
                  | found it on level 6 of the Dungeon)
  8199 | D:6      | Found a glowing golden altar of the Shining One.
  8565 | D:6      | Found Raeg's General Store.
  8571 | D:6      | Reached XP level 8. HP: 53/58 MP: 9/13
  8575 | D:6      | Bought a scroll of blinking for 82 gold pieces
  8575 | D:6      | Bought a potion of haste for 110 gold pieces
  8585 | D:6      | Reached skill level 10 in Summonings
  9021 | D:7      | Found a staircase to the Ecumenical Temple.
  9097 | Temple   | Entered the Ecumenical Temple
  9392 | D:7      | Noticed Maggie
  9412 | D:7      | Killed Maggie
  9693 | D:7      | Found a radiant altar of Vehumet.
  9693 | D:7      | Noticed Menkaure
  9701 | D:7      | Killed Menkaure
  9714 | D:7      | Gained mutation: You cannot study or cast Earth magic. [Ru
                  | sacrifice]
  9714 | D:7      | Gained mutation: You cannot study or cast Transmutations
                  | magic. [Ru sacrifice]
  9714 | D:7      | Gained mutation: You cannot study or cast Conjurations
                  | magic. [Ru sacrifice]
  9714 | D:7      | Reached *** piety under Ru
 10090 | D:7      | Got a shimmering hand axe
 10090 | D:7      | Identified the +6 hand axe of the Harvest {vorpal, Str+8}
                  | (You found it on level 7 of the Dungeon)
 10202 | D:8      | Reached skill level 5 in Fighting
 10299 | D:8      | Reached XP level 9. HP: 61/68 MP: 8/16
 10429 | D:8      | Noticed Grum
 10432 | D:8      | Reached skill level 5 in Spellcasting
 10432 | D:8      | Reached skill level 5 in Ice Magic
 10473 | D:8      | Killed Grum
 10568 | D:8      | Got a bloodstained helmet
 10578 | D:8      | Identified the -2 helmet "Filuston" {Str+5} (You found it
                  | on level 8 of the Dungeon)
 10691 | D:8      | Found a basalt altar of Yredelemnul.
 10702 | D:8      | Found a sparkling altar of Nemelex Xobeh.
 10723 | D:8      | Found an ancient bone altar of Kikubaaqudgha.
 10938 | D:8      | Found a bloodstained altar of Trog.
 11051 | D:8      | Found a shimmering blue altar of Sif Muna.
 11100 | D:8      | Noticed a kobold demonologist
 11110 | D:8      | Killed a kobold demonologist
 11110 | D:8      | Reached skill level 11 in Summonings
 11453 | D:9      | Found a staircase to the Orcish Mines.
 12289 | D:9      | Reached skill level 1 in Armour
 13101 | D:9      | Found an ornate altar of the Wu Jian Council.
 13542 | D:9      | Noticed a troll
 13550 | D:9      | Killed a troll
 13731 | D:9      | Gained mutation: You cannot be stealthy. [Ru sacrifice]
 13731 | D:9      | Reached **** piety under Ru
 13839 | D:10     | Entered Level 10 of the Dungeon
 14004 | D:10     | Learned a level 2 spell: Blink
 14145 | D:10     | Reached XP level 10. HP: 77/77 MP: 7/19
 14641 | D:10     | Noticed Josephine
 14651 | D:10     | Killed Josephine
 15113 | D:10     | Found the +7 mace of Variability {chain chaos}
 15113 | D:10     | Found a shimmering altar of Xom.
 15314 | D:11     | Noticed Urug
 15571 | D:10     | Killed Urug
 15802 | D:11     | Noticed a manticore
 15806 | D:11     | Killed a manticore
 15806 | D:11     | Reached skill level 12 in Summonings
 15932 | D:11     | Noticed a kobold demonologist
 15933 | D:11     | Noticed Snorg
 15958 | D:11     | Learned a level 3 spell: Summon Guardian Golem
 15977 | D:11     | Killed Snorg
 15977 | D:11     | Reached skill level 5 in Dodging
 15977 | D:11     | Reached XP level 11. HP: 54/86 MP: 2/21
 15984 | D:11     | Reached skill level 5 in Armour
 16000 | D:11     | Noticed a soul eater
 16170 | D:11     | Found a staircase to the Lair.
 17264 | D:11     | Noticed a two-headed ogre
 17270 | D:11     | Killed a two-headed ogre
 17334 | D:11     | Found a glowing golden altar of the Shining One.
 17482 | D:12     | Noticed a four-headed hydra
 18040 | D:12     | Noticed Erolcha
 18051 | D:12     | Killed Erolcha
 18051 | D:12     | Reached skill level 1 in Maces & Flails
 18153 | D:12     | Noticed a five-headed hydra
 18162 | D:12     | Killed a five-headed hydra
 18250 | D:12     | Noticed a boulder beetle
 18270 | D:12     | Killed a boulder beetle
 18687 | D:12     | Noticed a manticore
 18701 | D:12     | Killed a manticore
 19003 | D:12     | Noticed a green ugly thing
 19011 | D:12     | Killed a green ugly thing
 19017 | D:12     | Learned a level 3 spell: Frozen Ramparts
 19385 | D:12     | Noticed a two-headed ogre
 19393 | D:12     | Killed a two-headed ogre
 19398 | D:12     | Learned a level 3 spell: Ozocubu's Armour
 19489 | D:12     | Noticed Nessos
 20007 | D:12     | Killed Nessos
 20007 | D:12     | Reached XP level 12. HP: 92/95 MP: 1/24
 20011 | D:12     | Killed a four-headed hydra
 20470 | D:13     | Noticed a centaur warrior
 20868 | D:12     | Killed a centaur warrior
 22005 | D:13     | Reached skill level 13 in Summonings
 22448 | D:13     | Noticed a centaur warrior
 22462 | D:13     | Killed a centaur warrior
 23319 | D:13     | Noticed a centaur warrior
 23322 | D:13     | Shot with an arrow by a centaur warrior

Illustrated notes

Levels and vault maps discovered:
D:1:      dpeg_arrival_rhombus, layout_basic, grunt_decor_resistance
D:2:      layout_loops_corners, lemuel_doored_altar
D:3:      layout_rooms
D:4:      layout_loops_cross, ebering_dispersal_statue_hall, bloody_makhleb
D:5:      layout_loops_cross, ebering_ghost_sewer_d, uniq_sigmund,
          uniq_crazy_yiuf_cottage
D:6:      layout_basic, overflow_temple_1_default, serial_shops, shop
D:7:      layout_loops_ring, minmay_temple_entry_mini_moons,
          vehumet_altar_wand_db, uniq_maggie, uniq_menkaure
D:8:      layout_cave_pools, nicolae_overflow_hidden_temple,
          nemelex_xobeh_ov_fountains_minmay, grunt_temple_overflow_open,
          lemuel_blue_sif_altar, uniq_grum
D:9:      layout_gridville, lemuel_round_altar, david_orc_3
D:10:     layout_loops_ring, minmay_guarded_unrand_variability, uniq_josephine
D:11:     layout_loops_ring, erik_lair_orcish_takeover,
          nicolae_tso_swordbearing_angel, uniq_snorg, uniq_urug
D:12:     layout_irregular_city, uniq_nessos, uniq_erolcha
D:13:     layout_basic, grunt_vaults_entry_tiered, hangedman_stone_soup,
          fedhas_altar_3
Temple:   dpeg_chambers_temple

Skill      XL: |  1  2  3  4  5  6  7  8  9 10 11 12 |
---------------+-------------------------------------+-----
Summonings     | 5 6 7 8 9 10 11 12 13 | 13.1
Fighting       | 1 3 5 6 8 9 |  9.9
Ice Magic      | 2 4 6 7 9 |  9.8
Spellcasting   | 3 4 6 7 8 |  8.7
Armour         | 2 4 6 7 |  7.6
Dodging        | 3 5 6 7 |  7.3
Stealth        | 0 |  0.0
Maces & Flails | 2 4 |  4.2

Action                   |  1- 3 |  4- 6 |  7- 9 | 10-12 || total
-------------------------+-------+-------+-------+-------++-------
Melee: Club              |    61 |    23 |       |       ||    84
       Unarmed           |     2 |       |       |     3 ||     5
       Trident           |       |    32 |       |       ||    32
       Morningstar       |       |    23 |       |       ||    23
       Scythe            |       |    14 |   100 |       ||   114
       Short sword       |       |     1 |       |       ||     1
       Hand axe          |       |       |    75 |    48 ||   123
       Eveningstar       |       |       |       |   242 ||   242
       Great mace        |       |       |       |     3 ||     3
 Cast: Summon Small Mamm |    20 |     3 |     2 |       ||    25
       Call Imp          |    44 |    12 |     7 |       ||    63
       Call Canine Famil |       |    20 |    20 |       ||    40
       Summon Ice Beast  |       |       |    69 |   141 ||   210
       Summon Guardian G |       |       |       |     7 ||     7
       Ozocubu's Armour  |       |       |       |     2 ||     2
       Frozen Ramparts   |       |       |       |     2 ||     2
Invok: Sacrifice Artific |       |     1 |       |       ||     1
       Sacrifice Arcana  |       |       |     1 |       ||     1
       Draw Out Power    |       |       |     2 |     1 ||     3
       Sacrifice Stealth |       |       |     1 |       ||     1
       Power Leap        |       |       |       |     1 ||     1
       Reject Sacrifices |       |       |       |     1 ||     1
 Abil: Hop               |     3 |     3 |     7 |     6 ||    19
  Use: Scroll            |     1 |       |     5 |    14 ||    20
       Potion            |       |     6 |     7 |     5 ||    18
 Stab: Sleeping          |     2 |     2 |     3 |       ||     7
       Distracted        |       |       |     3 |     5 ||     8
       Invisible         |       |       |       |     1 ||     1
Armor: Robe              |    53 |    31 |       |    15 ||    99
       Leather armour    |       |       |    24 |       ||    24
       Steam dragon scal |       |       |    20 |    59 ||    79
       Skin              |       |       |     8 |     1 ||     9
Dodge: Dodged            |   113 |    78 |   228 |   449 ||   868

Table legend: (Time is in decaauts)
 A = Elapsed time spent in this place.
 B = Non-inter-level travel time spent in this place.
 C = Inter-level travel time spent in this place.
 D = Time resting spent in this place.
 E = Time spent auto-exploring this place.
 F = Levels seen in this place.
 G = Mean time per level.
                   A        B        C        D        E       F      G
               +--------+--------+--------+--------+--------+-----+--------+
         Total |  25219 |  24729 |    490 |   7613 |  13852 |  14 | 1801.4 |
       Dungeon |  24922 |  24456 |    466 |   7613 |  13579 |  13 | 1917.1 |
        Temple |    296 |    273 |     23 |      0 |    272 |   1 |  296.0 |
               +--------+--------+--------+--------+--------+-----+--------+

Top non-repeatable levels by time:
    D:12: 4241 daAuts
    D:11: 2781 daAuts
     D:8: 2013 daAuts
    D:10: 1996 daAuts
     D:9: 1972 daAuts
     D:4: 1893 daAuts
     D:6: 1853 daAuts
     D:2: 1716 daAuts
     D:1: 1541 daAuts
     D:5: 1516 daAuts
     D:3: 1228 daAuts
     D:7: 1146 daAuts
    D:13: 1021 daAuts
  Temple: 296 daAuts
